 Dungeon Crawl Stone Soup version 0.30.1-3-gfc49f6343a (webtiles) character file.

Game seed: 14987545359578092726

396780 spardeous the Fencer (level 21, 0/240 (248) HPs)
             Began as a Demigod Conjurer on July 31, 2023.
             Slain by a frost giant
             ... wielding a +1 battleaxe of freezing
              (3 damage)
             ... on level 4 of the Vaults on Aug 1, 2023.
             The game lasted 03:16:57 (65978 turns).

spardeous the Fencer (Demigod Conjurer)            Turns: 65978, Time: 03:16:59

HP:   0/240 (248)   AC: 33    Str: 26    XL:     21   Next: 26%
MP:   20/42         EV: 11    Int: 36    God:
Gold: 319           SH: 26    Dex: 20    Spells: 0/43 levels left

rFire   + + +        j - +11 Singing Sword {sonic wave}
rCold   + + .        O - +1 tower shield "Orche" {rPois rF+ Will+ Dex+6}
rNeg    + . .        u - melded +5 ring mail of the Robin {Str+4 Int+3}
rPois   ∞            U - +2 helmet
rElec   +            (no cloak)
rCorr   +            F - melded +2 pair of gloves of Card Tricks {rF+ rC+ Dex+3}
SInv    +            I - melded +2 pair of boots {Stlth+}
Will    +++..        H - amulet of magic regeneration
Stlth   ++++         x - ring "Zionefofa" {rF+ Str+6 SInv}
HPRegen 0.60/turn    w - ring "Uvvum" {rElec rC+ Str+4 Dex-2}
MPRegen 0.68/turn

%: clarity
@: statue-form (expiring), resistant, studying 2 skills, lightly drained, very
slow
A: slow and powerful, torment resistance 1, boosted hp, high MP 1, forlorn,
divine attributes, large bone plates 1, clarity, robust 1, screaming 1
}: 2/15 runes: serpentine, barnacled
a: End Transformation


You were on level 4 of the Vaults.
You were a living statue of rough stone.
You visited 7 branches of the dungeon, and saw 38 of its levels.
You visited the Abyss 1 time.
You also visited: Gauntlet and Wizlab.

You collected 5129 gold pieces.
You spent 4810 gold pieces at shops.

Inventory:

Hand Weapons
 i - the +2 long sword of the End of Times {heavy, rN+ MP+9 Dex+3 SInv}
   (You bought it in a shop on level 5 of the Dungeon)

   Dex:       It affects your dexterity (+3).
   rN:        It protects you from negative energy.
   MP:        It affects your magic capacity (+9).
   SInv:      It lets you see invisible.
 j - the +11 Singing Sword (weapon) {sonic wave}
   (You bought it in a shop on level 8 of the Dungeon)
Armour
 u - the +5 ring mail of the Robin (melded) {Str+4 Int+3}
   (You found it on level 15 of the Dungeon)

   Str:       It affects your strength (+4).
   Int:       It affects your intelligence (+3).
 E - the +10 tower shield "Fisece" {Harm rF- Str+3 SInv}
   (You took it off a minotaur in a Gauntlet)

   Str:       It affects your strength (+3).
   rF:        It makes you vulnerable to fire.
   SInv:      It lets you see invisible.
   Harm:      It increases damage dealt and taken.
 F - the +2 pair of gloves of Card Tricks (melded) {rF+ rC+ Dex+3}
   (You found it in a Gauntlet)

   Dex:       It affects your dexterity (+3).
   rF:        It protects you from fire.
   rC:        It protects you from cold.
 I - a +2 pair of boots of stealth (melded)
 N - the +1 cloak of Rengotz {Drain rPois rF- rC+++}
   (You found it in a wizard's laboratory)

   rF:        It makes you vulnerable to fire.
   rC:        It renders you almost immune to cold.
   rPois:     It protects you from poison.
   Drain:     It drains your maximum health when unequipped.
 O - the +1 tower shield "Orche" (worn) {rPois rF+ Will+ Dex+6}
   (You acquired it on level 2 of the Vaults)

   Dex:       It affects your dexterity (+6).
   rF:        It protects you from fire.
   rPois:     It protects you from poison.
   Will:      It increases your willpower.
 T - the +2 cloak of the Furrier {Contam rElec rCorr Slay+2}
   (You found it in a wizard's laboratory)

   Slay:      It affects your accuracy & damage with ranged weapons and melee
   (+2).
   rElec:     It insulates you from electricity.
   Contam:    It causes magical contamination when unequipped.
   rCorr:     It protects you from acid and corrosion.
 U - a +2 helmet (worn)
 Y - the +0 pair of gloves of Melancholy {+Inv rElec rF++ Dex-4}
   (You bought it in a shop on level 11 of the Dungeon)

   Dex:       It affects your dexterity (-4).
   rF:        It greatly protects you from fire.
   rElec:     It insulates you from electricity.
   +Inv:      It lets you turn invisible.
Jewellery
 p - the amulet of Xokkutie {Spirit rElec Int+3}
   (You found it on level 3 of the Elven Halls)

   [amulet of guardian spirit]

   It causes incoming damage to be divided between your reserves of health and
   magic.
   Int:       It affects your intelligence (+3).
   rElec:     It insulates you from electricity.
 t - the ring of Benevolence {Will+ Dex+3}
   (You found it on level 3 of the Elven Halls)

   [ring of willpower]

   Dex:       It affects your dexterity (+3).
   Will:      It increases your willpower.
 w - the ring "Uvvum" (right fist) {rElec rC+ Str+4 Dex-2}
   (You took it off a deep elf master archer on level 3 of the Elven Halls)

   [ring of protection from cold]

   Str:       It affects your strength (+4).
   Dex:       It affects your dexterity (-2).
   rC:        It protects you from cold.
   rElec:     It insulates you from electricity.
 x - the ring "Zionefofa" (left fist) {rF+ Str+6 SInv}
   (You bought it in a shop on level 3 of the Shoals)

   [ring of strength]

   Str:       It affects your strength (+6).
   rF:        It protects you from fire.
   SInv:      It lets you see invisible.
 B - a ring of positive energy
 H - an amulet of magic regeneration (around neck)
 W - a ring of flight
Wands
 n - a wand of mindburst (11)
 G - a wand of iceblast (42)
 K - a wand of digging (9)
 Z - a wand of quicksilver (13)
Scrolls
 a - 2 scrolls of silence
 c - 3 scrolls of amnesia
 e - 9 scrolls of teleportation
 h - 8 scrolls of fog
 k - 9 scrolls of enchant weapon
 m - 7 scrolls of fear
 q - a scroll of enchant armour
 r - 4 scrolls of magic mapping
 s - a scroll of brand weapon
 A - 5 scrolls of poison
 D - 4 scrolls of summoning
 L - 6 scrolls of immolation
Potions
 b - a potion of magic
 d - 5 potions of flight
 g - 4 potions of invisibility
 l - 4 potions of resistance
 o - 4 potions of ambrosia
 v - 4 potions of mutation
 z - 6 potions of lignification
 C - 5 potions of might
 J - 8 potions of brilliance
 M - 10 potions of curing
 P - 2 potions of berserk rage
 R - 5 potions of attraction
 S - 4 potions of haste
 X - 9 potions of cancellation
Miscellaneous
 Q - a phantom mirror


   Skills:
 - Level 12.2 Fighting
 - Level 16.2 Long Blades
 - Level 1.0 Throwing
 + Level 13.0 Armour
 - Level 1.7 Dodging
 - Level 7.0 Stealth
 - Level 15.9 Shields
 - Level 11.8 Spellcasting
 - Level 10.0 Conjurations
 - Level 9.3 Necromancy
 - Level 11.7 Translocations
 - Level 10.4 Transmutations
 - Level 10.3 Earth Magic


You couldn't memorise any spells.
You knew the following spells:

 Your Spells              Type           Power      Damage    Failure   Level
a - Manifold Assault      Tloc           82%        N/A       1%          4
b - Wereblood             Tmut           77%        N/A       1%          2
c - Iskenderun's Mystic   Conj/Tloc      79%        2d16      1%          4
d - Statue Form           Tmut/Erth      51%        N/A       9%          6
e - Leda's Liquefaction   Hex/Erth       27%        N/A       4%          4
f - Simulacrum            Ice/Necr       26%        N/A       67%         6
g - Lee's Rapid Deconstr  Erth           38%        3d19*     1%          5
h - Sublimation of Blood  Necr           73%        N/A       1%          2
i - Fulminant Prism       Conj/Hex       27%        3d13      5%          4
j - Iron Shot             Conj/Erth      38%        9d8       10%         6

Your spell library contained the following spells:

 Spells                   Type           Power      Damage    Failure   Level
 Apportation              Tloc           100%       N/A       1%          1
 Magic Dart               Conj           100%       1d8       1%          1
 Necrotise                Necr           100%       1d9       1%          1
 Blink                    Tloc           100%       N/A       1%          2
 Lesser Beckoning         Tloc           100%       N/A       1%          2
 Momentum Strike          Conj/Tloc      100%       3d10      1%          2
 Searing Ray              Conj           100%       2d8       1%          2
 Dazzling Flash           Conj/Hex       100%       N/A       1%          3
 Gell's Gravitas          Tloc           82%        N/A       1%          3
 Hailstorm                Conj/Ice       55%        3d12      1%          3
 Portal Projectile        Hex/Tloc       100%       N/A       1%          3
 Teleport Other           Tloc           82%        N/A       1%          3
 Vampiric Draining        Necr           73%        2d11      1%          3
 Volatile Blastmotes      Fire/Tloc      100%       2d18      1%          3
 Animate Dead             Necr           73%        N/A       1%          4
 Passage of Golubria      Tloc           82%        N/A       1%          4
 Petrify                  Tmut/Erth      77%        N/A       1%          4
 Blade Hands              Tmut           38%        N/A       1%          5
 Agony                    Necr           73%        N/A       2%          5
 Freeze                   Ice            84%        1d9       4%          1
 Slow                     Hex            84%        N/A       4%          1
 Summon Small Mammal      Summ           84%        N/A       4%          1
 Animate Armour           Summ/Erth      100%       N/A       4%          4
 Ice Form                 Ice/Tmut       56%        N/A       4%          4
 Dispersal                Tloc           41%        N/A       4%          6
 Flame Wave               Conj/Fire      55%        2d13      5%          4
 Sticky Flame             Conj/Fire      55%        2d7       5%          4
 Scorch                   Fire           42%        2d6       6%          2
 Anguish                  Hex/Necr       26%        N/A       6%          4
 Call Canine Familiar     Summ           21%        N/A       12%         3
 Confusing Touch          Hex            21%        N/A       12%         3
 Frozen Ramparts          Ice            42%        1d7       12%         3
 Inner Flame              Hex/Fire       21%        N/A       12%         3
 Ozocubu's Armour         Ice            21%        N/A       12%         3
 Summon Guardian Golem    Hex/Summ       21%        N/A       12%         3
 Tukima's Dance           Hex            21%        N/A       12%         3
 Yara's Violent Unravell  Hex/Tmut       28%        3d12      13%         5
 Cause Fear               Hex            10%        N/A       38%         4
 Summon Ice Beast         Ice/Summ       21%        N/A       38%         4
 Conjure Ball Lightning   Conj/Air       27%        3x3d8     63%         6
 Starburst                Conj/Fire      27%        6d9       63%         6
 Metabolic Englaciation   Hex/Ice        10%        N/A       75%         5
 Silence                  Hex/Air        10%        N/A       75%         5
 Summon Mana Viper        Hex/Summ       21%        N/A       75%         5
 Disjunction              Tloc           41%        N/A       91%         8
 Malign Gateway           Summ/Tloc      29%        N/A       97%         7
 Haunt                    Necr/Summ      26%        N/A       99%         7
 Infestation              Necr           36%        N/A       99%         8
 Enfeeble                 Hex            10%        N/A       100%        7
 Monstrous Menagerie      Summ           10%        N/A       100%        7
 Ozocubu's Refrigeration  Ice            10%        4d9       100%        7
 Summon Hydra             Summ           10%        N/A       100%        7
 Discord                  Hex            10%        N/A       100%        8
 Chain Lightning          Conj/Air       27%        3d36      100%        9
 Fire Storm               Conj/Fire      27%        8d7       100%        9
 Polar Vortex             Ice            10%        N/A       100%        9
 Shatter                  Erth           38%        3d30*     100%        9


Dungeon Overview and Level Annotations

Branches:
Dungeon (15/15)            Temple (0/1) D:5            Lair (5/5) D:8
 Shoals (4/4) Lair:3        Snake (4/4) Lair:3        Slime (0/5) Lair:5
    Orc (2/2) D:11            Elf (3/3) Orc:2        Vaults (4/5) D:14
  Crypt (0/3) Vaults:3     Depths (0/4) D:15         WizLab (visited)
Gauntlet (visited)

Shops:
D:2 (   D:4 (!   D:5 [((   D:7 !   D:8 (   D:11 *![   Orc:2 *=*[   Elf:3 !
Shoals:3 ==


Innate Abilities, Weirdness & Mutations

You are a living statue of rough stone.
Your actions are slow, but your melee attacks are powerful.
You are resistant to unholy torment.
Your maximum health is greatly increased.
You are immune to poison.
Your equipment is partially melded.
You have an increased reservoir of magic. (+10% MP)
You shall have no god before yourself.
Your divine heritage dramatically boosts your attributes as you level up.
You are partially covered in large bone plates. (SH +4)
You possess an exceptional clarity of mind.
You are robust. (+10% HP)
You occasionally shout uncontrollably at your foes.


Message History

You regained 10 hp, and now have 32/240 hp.
Okay, then.
Blink to where?
Press: ? - help, Dir - move target A wolf spider and an ironbound convoker come into view.
You yell at the wolf spider!
As you read the scroll of blinking, it crumbles to dust.
The wolf spider's many legs skitter.
The tengu reaver gestures at you while chanting.
The bolt of acid hits you!! You resist.
* * * LOW HITPOINT WARNING * * *
You block the frost giant's attack.
You take 19 damage, and have 13/240 hp.
The golden eye changes into a black mamba!
The black mamba changes into an unseen horror!
You block the wolf spider's attack. The wolf spider closely misses you.
The yaktaur captain unwields a +0 arbalest.
The yaktaur captain hits you!
* * * LOW HITPOINT WARNING * * *
The vault warden activates a sealing rune.
You block the wolf spider's attack. The wolf spider barely misses you.
The frost giant hits you with a +1 battleaxe of freezing.
* * * LOW HITPOINT WARNING * * *
The vault warden shoots a bolt.
You block the bolt. The yaktaur captain barely misses you.
A mysterious force pulls you upwards. The hatch slams shut behind you.
You take 11 damage, and have 2/240 hp.
You regained 2 mp, and now have 19/42 mp.
Okay, then.
Okay, then.
Okay, then.
Okay, then.
As you read the scroll of fear, it crumbles to dust.
You assume a fearsome visage.
The wolf spider looks frightened!
The frost giant resists with almost no effort.
The yaktaur captain looks frightened!
Your transformation is almost over.
You block the frost giant's attack.
The frost giant hits you with a +1 battleaxe of freezing.
You die...

#### ...# ##### ...#
#.... ...# #.... ...#
######## ####....
...###########......#
#.......
...##........#......#
#....###
...##........'......#
#....# #
...##........#..8C..#
#....###
#####........#......#
#.......
#........#..c...#
####....
#.....^..#s.....#
#....
####'########'#####
#....
#......#####.....#
######'
#......#).#....#.#
#......
#.....)+..#......#
#...... #
#.....)#..#[.....#
#......


You could see a frost giant, a yaktaur captain (fleeing) and a wolf spider
(fleeing).

Vanquished Creatures
  Mara (Shoals:3)
  Vashnia (Snake:4)
  Xtahua (Vaults:4)
  A golden dragon (Vaults:4)
  A bone dragon (Lair:3)
  Jorgrun (Shoals:3)
  A lich (Abyss:2)
  5 deep elf blademasters
  3 deep elf master archers (Elf:3)
  Polyphemus (Shoals:2)
  A titan (Vaults:3)
  A storm dragon (Vaults:4)
  An eldritch tentacle (WizLab)
  Frances (Shoals:2)
  5 tentacled starspawn
  A kraken (Shoals:2)
  8 sphinxes
  Kirke (Snake:3)
  A tengu reaver (Vaults:4)
  Ilsuiw (Shoals:2)
  Roxanne (Shoals:1)
  3 nagarajas
  2 deep elf sorcerers (Elf:3)
  9 vault wardens
  Louise (Shoals:1)
  3 frost giants
  3 deep elf elementalists (Elf:3)
  An orc warlord (Vaults:1)
  7 ironbound thunderhulks
  A reaper (WizLab)
  18 ironbound preservers
  A stone giant (Vaults:5)
  A war gargoyle (Vaults:4)
  2 very ugly things
  A deep elf demonologist (Elf:3)
  11 dire elephants
  8 deep elf annihilators (Elf:3)
  A minotaur (Gauntlet)
  Snorg (D:11)
  The ghost of superradish the Covert, a journeyman DsBr of Jiyva (Shoals:3)
  The ghost of middlethird the Carver, a journeyman FoNe of Cheibriados (Lair:1)
  3 crystal guardians
  2 merfolk javelineers
  2 ettins
  8 merfolk impalers
  2 green deaths (Snake:1)
  Josephine (Shoals:1)
  A deep elf high priest (Elf:3)
  6 fire dragons
  2 salamander tyrants (Snake:4)
  11 yaktaur captains
  8 great orbs of eyes
  A rakshasa (WizLab)
  25 vault guards
  2 ogre magi
  An ice dragon (D:14)
  4 peacekeepers
  12 hydras
  The ghost of Roifrina the Nimble, a journeyman MfBr of Makhleb (D:12)
  8 anacondas
  25 centaur warriors
  10 ironbound frosthearts
  2 catoblepae
  2 alligator snapping turtles
  4 boulder beetles
  31 dancing weapons
  10 merfolk aquamancers
  5 merfolk avatars
  A hell hog (Gauntlet)
  6 two-headed ogres
  4 tengu warriors
  17 naga warriors
  4 thrashing horrors
  16 naga sharpshooters
  4 death yaks
  6 shock serpents
  20 deep elf knights
  3 wretched stars
  A hell knight (WizLab)
  6 skysharks
  A sun demon (D:13)
  Lodul (D:11)
  2 shadow wraiths
  4 salamander mystics
  4 skeletal warriors (D:15)
  2 sixfirhies (Abyss:2)
  5 bog bodies (Shoals:1)
  17 sea snakes
  3 glowing orange brains
  An obsidian statue (WizLab)
  9 deep elf archers
  6 lindwurms
  45 deep trolls
  A shadow demon (WizLab)
  A kraken simulacrum (Shoals:3)
  10 wizards
  7 orc knights
  A glowing orange brain (shapeshifter) (Vaults:2)
  31 deep elf pyromancers
  10 naga ritualists
  9 ironbound convokers
  28 harpies
  A sphinx zombie (Vaults:1)
  24 deep elf zephyrmancers
  A wolf spider zombie (D:12)
  5 mana vipers
  3 necromancers
  11 fauns
  8 orc sorcerers
  26 ugly things
  6 cyclopes
  2 moths of wrath (Shoals:3)
  23 manticores
  7 merfolk sirens
  2 spectral centaurs (D:12)
  3 worldbinders
  A frost giant zombie (Vaults:1)
  2 human skeletons
  A rust devil (D:13)
  15 salamanders
  5 elephants (Lair:5)
  10 guardian serpents
  An apocalypse crab (Abyss:2)
  28 black mambas
  6 water nymphs
  13 vault sentinels
  A demonic crawler (WizLab)
  7 cane toads
  2 centaur skeletons (D:15)
  21 naga magi
  3 centaur zombies
  A smoke demon (WizLab)
  A freezing wraith (D:14)
  2 gargoyles
  3 unseen horrors
  4 kobold demonologists
  6 rime drakes
  11 komodo dragons
  An efreet (D:13)
  2 tengu conjurers (D:15)
  15 yaktaurs
  4 ice devils (D:13)
  3 meliai (D:15)
  2 hornets
  A red devil (WizLab)
  24 merfolk
  5 trolls
  A tyrant leech (shapeshifter) (Vaults:4)
  3 hellwings
  7 wind drakes
  2 polar bears (Lair:5)
  14 snapping turtles
  22 blink frogs
  2 dream sheep (Shoals:2)
  2 raiju (Abyss:2)
  A meliai zombie (D:15)
  19 slime creatures
  A spectral meliai (D:12)
  A spriggan (shapeshifter) (Vaults:3)
  2 vampires
  A deep troll skeleton (WizLab)
  A fire dragon skeleton (WizLab)
  4 centaur simulacra
  6 flying skulls (Abyss:2)
  5 air elementals
  4 wyverns
  4 shadows
  An alligator snapping turtle simulacrum (Shoals:3)
  7 wraiths
  3 fire elementals
  3 fire bats (Gauntlet)
  15 yaks
  2 chaos spawn
  A large abomination (Abyss:2)
  6 basilisks
  3 hogs (Snake:3)
  12 water elementals
  2 ynoxinuls
  2 sea snake simulacra (Shoals:3)
  4 steam dragons
  6 vampire mosquitoes
  2 neqoxecs
  10 wargs
  2 yaktaur simulacra
  7 spatial vortices (WizLab)
  4 harpy simulacra (Shoals:3)
  46 nagas
  An acid dragon (D:8)
  12 water moccasins
  The ghost of shmup the Firebug, an amateur TeFE (D:6)
  A floating eye (shapeshifter) (Vaults:5)
  5 hell hounds
  3 spectral hornets (D:12)
  24 orc warriors
  2 ice beasts
  A sky beast (D:8)
  6 black bears
  An ettin simulacrum (Vaults:3)
  15 ogres
  4 wolves (Lair:1)
  A boggart (WizLab)
  7 centaurs
  5 kobold brigands
  3 phantoms
  3 earth elementals
  16 bullfrogs
  2 faun simulacra (Shoals:3)
  A gnoll sergeant (D:7)
  4 merfolk simulacra (Shoals:3)
  2 scorpions
  5 wights
  4 small abominations
  12 killer bees
  5 manticore simulacra (Shoals:3)
  A snapping turtle simulacrum (Shoals:3)
  4 howler monkeys (D:8)
  4 electric eels
  4 hounds
  A quasit (Abyss:2)
  15 orc priests
  2 gnoll boudas
  4 iguanas
  42 orc wizards
  5 hell rats
  15 gnolls
  7 adders
  4 shadow imps
  A white imp (D:6)
  3 ufetubi
  A worm (D:2)
  A dart slug (D:1)
  102 orcs
  4 endoplasms
  14 giant cockroaches
  2 goblins
  4 hobgoblins
  4 jackals
  11 kobolds
  5 quokkas
  2 ball pythons
  10 bats
  7 frilled lizards
  5 rats
  8 fulminant prisms (Shoals:4)
  3 starspawn tentacles (WizLab)
1593 creatures vanquished.

Vanquished Creatures (others)
  A deep elf elementalist (Elf:3)
  A deep elf knight (Elf:2)
  A naga ritualist (Snake:1)
  2 black mambas
  A wind drake (shapeshifter) (Elf:2)
  A wind drake (Shoals:3)
  An orc wizard (Orc:2)
  12 fulminant prisms (Shoals:4)
  7 starspawn tentacles
  7 tentacles
34 creatures vanquished.

Grand Total: 1627 creatures vanquished

Notes
Turn   | Place    | Note
-------+----------+-------------------------------------------
     0 | D:1      | spardeous the Demigod Conjurer began the quest for the Orb.
     0 | D:1      | Reached XP level 1. HP: 14/14 MP: 5/5
   217 | D:1      | Reached XP level 2. HP: 19/20 MP: 0/7
   969 | D:1      | Learned a level 2 spell: Searing Ray
  1015 | D:2      | Found Docoipo's Antique Weapon Shoppe.
  1300 | D:2      | Reached XP level 3. HP: 26/26 MP: 0/9
  2997 | D:3      | Reached XP level 4. HP: 33/33 MP: 7/11
  3350 | D:4      | Identified the +0 robe of Insurance {rN+ Will+ Int-3 Dex+2}
  3548 | D:4      | Found Zatugap's Distillery.
  3721 | D:4      | Noticed a phantom
  3728 | D:4      | Killed a phantom
  3729 | D:4      | Reached skill level 5 in Conjurations
  3729 | D:4      | Reached XP level 5. HP: 38/38 MP: 4/13
  3918 | D:4      | Found Irojom's Antique Weapon Shop.
  3960 | D:5      | Entered Level 5 of the Dungeon
  4224 | D:5      | Reached XP level 6. HP: 45/45 MP: 5/15
  4309 | D:5      | Found a staircase to the Ecumenical Temple.
  5152 | D:5      | Reached XP level 7. HP: 44/50 MP: 7/17
  5275 | D:5      | Reached skill level 5 in Spellcasting
  5371 | D:5      | Found Weepnuso's Weapon Shop.
  5372 | D:5      | Found Suolih's Antique Armour Boutique.
  5372 | D:5      | Found Xauloqe's Antique Weapon Emporium.
  6420 | D:6      | Found a runed translucent door.
  6420 | D:6      | Noticed shmup's ghost (amateur TeFE)
  6885 | D:6      | Reached XP level 8. HP: 48/57 MP: 11/20
  7440 | D:6      | Killed shmup's ghost
  7760 | D:7      | HP: 2/57 [gnoll sergeant/+1 trident of protection (6)]
  7775 | D:7      | HP: 2/57 [bullfrog (6)]
  8147 | D:7      | Learned a level 4 spell: Iskenderun's Mystic Blast
  8289 | D:7      | Found Vooqadgh's Distillery.
  8292 | D:7      | Bought a potion of degeneration for 13 gold pieces
  8292 | D:7      | Bought a potion of heal wounds for 65 gold pieces
  8292 | D:7      | Bought a potion of mutation for 104 gold pieces
  8292 | D:7      | Bought a potion of brilliance for 52 gold pieces
  8292 | D:7      | Bought a potion of lignification for 39 gold pieces
  8292 | D:7      | Bought a potion of flight for 39 gold pieces
  8659 | D:8      | Found a staircase to the Lair.
  9159 | D:8      | Found Raibb's Weapon Shoppe.
  9295 | D:8      | Reached skill level 1 in Translocations
  9296 | D:8      | Reached XP level 9. HP: 62/62 MP: 12/24
 10435 | D:9      | Reached skill level 1 in Throwing
 10636 | D:9      | Noticed a two-headed ogre
 10644 | D:9      | Killed a two-headed ogre
 10645 | D:9      | Reached XP level 10. HP: 69/69 MP: 12/26
 10730 | D:9      | Reached skill level 10 in Conjurations
 10807 | D:9      | Reached skill level 5 in Translocations
 11055 | D:10     | Entered Level 10 of the Dungeon
 11367 | D:10     | HP: 3/69 [gargoyle/stone arrow (18)]
 12332 | D:11     | Noticed Snorg
 12351 | D:11     | Killed Snorg
 12352 | D:11     | Reached skill level 10 in Spellcasting
 12424 | D:11     | Noticed a two-headed ogre
 12430 | D:11     | Killed a two-headed ogre
 12431 | D:11     | Reached XP level 11. HP: 74/74 MP: 18/29
 12557 | D:11     | Found Lacaip's Antique Armour Shop.
 12572 | D:11     | Found Heahamna's Distillery.
 12682 | D:11     | Noticed Lodul
 12699 | D:11     | Killed Lodul
 12858 | D:11     | Found a staircase to the Orcish Mines.
 12883 | D:11     | Found Giaro's General Store.
 13170 | D:12     | Noticed a boulder beetle
 13213 | D:12     | Killed a boulder beetle
 13448 | D:12     | Learned a level 6 spell: Statue Form
 13453 | D:12     | Learned a level 4 spell: Leda's Liquefaction
 13664 | D:12     | Found a runed translucent gate.
 13666 | D:12     | Found a runed translucent gate.
 13666 | D:12     | Found a runed translucent gate.
 13672 | D:12     | Noticed Roifrina's ghost (journeyman MfBr)
 13840 | D:12     | Reached skill level 1 in Transmutations
 14164 | Lair:1   | Entered Level 1 of the Lair of Beasts
 14358 | Lair:1   | Found a transporter.
 14358 | Lair:1   | Noticed middlethird's ghost (journeyman FoNe)
 14359 | Lair:1   | Noticed a seven-headed hydra
 14361 | Lair:1   | Found a transporter.
 14996 | Lair:1   | Killed a seven-headed hydra
 14997 | Lair:1   | Reached skill level 10 in Translocations
 15051 | Lair:1   | Killed middlethird's ghost
 15118 | Lair:2   | Reached XP level 12. HP: 81/81 MP: 11/31
 15182 | Lair:2   | Reached skill level 1 in Earth Magic
 15184 | Lair:2   | Reached skill level 5 in Transmutations
 16257 | Lair:3   | Found a staircase to the Shoals.
 16708 | Lair:3   | Found a staircase to the Snake Pit.
 17149 | D:12     | Reached skill level 5 in Earth Magic
 17186 | D:12     | Killed Roifrina's ghost
 17782 | Lair:4   | Reached skill level 1 in Fighting
 17818 | Lair:4   | Identified the +7 chain mail "Ugaluec" {rElec rF+ Int+4}
 18259 | Lair:5   | Entered Level 5 of the Lair of Beasts
 18259 | Lair:5   | Noticed a catoblepas
 18265 | Lair:5   | Noticed a seven-headed hydra
 18272 | Lair:5   | Noticed a four-headed hydra
 18275 | Lair:5   | Killed a seven-headed hydra
 18281 | Lair:4   | Killed a catoblepas
 18409 | Lair:5   | Killed a four-headed hydra
 18569 | Lair:5   | Noticed a four-headed hydra
 18580 | Lair:5   | Reached XP level 13. HP: 72/94 MP: 7/32
 18806 | Lair:5   | Found a staircase to the Slime Pits.
 19734 | Lair:5   | Reached skill level 5 in Fighting
 20914 | D:11     | Bought a potion of attraction for 45 gold pieces
 20914 | D:11     | Bought the +0 pair of gloves of Melancholy {+Inv rElec rF++
                  | Dex-4} for 519 gold pieces
 21187 | D:13     | Learned a level 6 spell: Simulacrum
 21414 | D:13     | Reached skill level 1 in Necromancy
 22846 | D:14     | Reached skill level 10 in Transmutations
 23368 | D:14     | Reached XP level 14. HP: 54/107 MP: 2/33
 23656 | D:14     | Identified the +1 scale mail of Vampiric Thralls {MP+9}
 24423 | D:14     | Found a gate to the Vaults.
 24467 | D:15     | Entered Level 15 of the Dungeon
 25018 | D:15     | Reached skill level 10 in Earth Magic
 25148 | D:15     | Identified the +5 ring mail of the Robin {Str+4 Int+3}
 25318 | D:15     | Reached skill level 5 in Necromancy
 25570 | D:15     | Found a staircase to the Depths.
 25869 | D:15     | Paralysed by an ogre mage for 2 turns
 26826 | Orc:1    | Entered Level 1 of the Orcish Mines
 26838 | Orc:1    | Reached skill level 1 in Armour
 27314 | Orc:2    | Entered Level 2 of the Orcish Mines
 27432 | Orc:2    | Found a gate leading to a gauntlet.
 27444 | Gauntlet | Entered a Gauntlet
 27444 | Gauntlet | Found a transporter.
 27444 | Gauntlet | Found a transporter.
 27444 | Gauntlet | Found a transporter.
 27447 | Gauntlet | Found a transporter.
 27450 | Gauntlet | Found a transporter.
 27461 | Gauntlet | Found a transporter.
 27465 | Gauntlet | Found a large runed translucent door.
 27466 | Gauntlet | Found a large runed translucent door.
 27467 | Gauntlet | Found a large runed translucent door.
 27467 | Gauntlet | Found a large runed translucent door.
 27467 | Gauntlet | Found a runed translucent door.
 27480 | Gauntlet | Found a transporter.
 27480 | Gauntlet | Found a transporter.
 27502 | Gauntlet | Found a transporter.
 27519 | Gauntlet | Found a transporter.
 27523 | Gauntlet | Found a large runed translucent door.
 27524 | Gauntlet | Found a large runed translucent door.
 27525 | Gauntlet | Found a large runed translucent door.
 27525 | Gauntlet | Found a large runed translucent door.
 27526 | Gauntlet | Found a runed translucent gate.
 27527 | Gauntlet | Found a transporter.
 27527 | Gauntlet | Found a runed translucent gate.
 27528 | Gauntlet | Found a runed translucent gate.
 27529 | Gauntlet | Found a large runed translucent door.
 27529 | Gauntlet | Found a large runed translucent door.
 27530 | Gauntlet | Found a large runed translucent door.
 27531 | Gauntlet | Found a large runed translucent door.
 27540 | Gauntlet | Found a large runed translucent door.
 27540 | Gauntlet | Found a large runed translucent door.
 27540 | Gauntlet | Found a runed translucent door.
 27541 | Gauntlet | Found a large runed translucent door.
 27542 | Gauntlet | Found a large runed translucent door.
 27544 | Gauntlet | Found a transporter.
 27779 | Gauntlet | Gained mutation: Your spells are a little harder to cast,
                  | but a little more powerful. [a neqoxec]
 27827 | Gauntlet | Identified the +2 pair of gloves of Card Tricks {rF+ rC+
                  | Dex+3}
 27908 | Gauntlet | Identified the +10 tower shield "Fisece" {Harm rF- Str+3
                  | SInv}
 27935 | Gauntlet | Identified the +0 ring mail "Kagasch" {Str+6}
 28200 | Orc:2    | Found Caotih's Antique Armour Boutique.
 28200 | Orc:2    | Found Cogajuro's Assorted Antiques.
 28349 | Orc:2    | Found a staircase to the Elven Halls.
 28370 | Orc:2    | Found Ykapri's General Store.
 28377 | Orc:2    | Paralysed by an orc sorcerer for 2 turns
 28417 | Orc:2    | Found Lecemiz's Jewellery Boutique.
 29155 | Snake:1  | Entered Level 1 of the Snake Pit
 29477 | Snake:1  | Found a runed translucent door.
 29923 | Snake:1  | Reached skill level 1 in Shields
 29928 | Snake:1  | Reached XP level 15. HP: 109/113 MP: 16/35
 30015 | Snake:1  | Identified the +8 hand axe "Vusayt" {freeze, Fly rF+++ MP-9
                  | Str-3}
 30336 | Snake:1  | Identified the +2 robe of Dishonesty {rC+ Int+3}
 30610 | Snake:1  | Reached skill level 5 in Shields
 30943 | Snake:2  | Noticed a nagaraja
 31054 | Snake:2  | Killed a nagaraja
 33189 | Snake:3  | Reached skill level 10 in Shields
 33444 | Snake:3  | Noticed Kirke
 33461 | Snake:3  | Killed Kirke
 34272 | Snake:4  | Entered Level 4 of the Snake Pit
 34334 | Snake:4  | Reached XP level 16. HP: 121/121 MP: 9/36
 34683 | Snake:4  | Noticed Vashnia
 34728 | Snake:4  | Killed Vashnia
 36979 | Snake:4  | Got a serpentine rune of Zot
 37200 | Snake:4  | Lost mutation: Your spells are a little harder to cast, but
                  | a little more powerful. [potion of mutation]
 37200 | Snake:4  | Gained mutation: You are dopey. (Int -2) [potion of
                  | mutation]
 37200 | Snake:4  | Gained mutation: You are frail. (-10% HP) [potion of
                  | mutation]
 37200 | Snake:4  | Gained mutation: You are very frail. (-20% HP) [potion of
                  | mutation]
 37200 | Snake:4  | Gained mutation: You possess an exceptional clarity of
                  | mind. [potion of mutation]
 37201 | Snake:4  | Lost mutation: You possess an exceptional clarity of mind.
                  | [potion of mutation]
 37201 | Snake:4  | Lost mutation: You are dopey. (Int -2) [potion of mutation]
 37201 | Snake:4  | Gained mutation: You are agile. (Dex +4, Str/Int -1)
                  | [potion of mutation]
 37202 | Snake:4  | Lost mutation: You are very frail. (-20% HP) [potion of
                  | mutation]
 37202 | Snake:4  | Lost mutation: You are agile. (Dex +4, Str/Int -1) [potion
                  | of mutation]
 37202 | Snake:4  | Gained mutation: You are very frail. (-20% HP) [potion of
                  | mutation]
 37202 | Snake:4  | Gained mutation: You are partially covered in iridescent
                  | scales. (AC +2) [potion of mutation]
 37202 | Snake:4  | Gained mutation: You are mostly covered in iridescent
                  | scales. (AC +4) [potion of mutation]
 37203 | Snake:4  | Lost mutation: You are mostly covered in iridescent scales.
                  | (AC +4) [potion of mutation]
 37203 | Snake:4  | Lost mutation: You are very frail. (-20% HP) [potion of
                  | mutation]
 37203 | Snake:4  | Lost mutation: You are partially covered in iridescent
                  | scales. (AC +2) [potion of mutation]
 37203 | Snake:4  | Gained mutation: You have hidden genetic defects. [potion
                  | of mutation]
 37203 | Snake:4  | Gained mutation: Potions are less effective at restoring
                  | your health. [potion of mutation]
 37204 | Snake:4  | Lost mutation: You have hidden genetic defects. [potion of
                  | mutation]
 37204 | Snake:4  | Lost mutation: You are frail. (-10% HP) [potion of
                  | mutation]
 37204 | Snake:4  | Gained mutation: Your spells are a little harder to cast,
                  | but a little more powerful. [potion of mutation]
 37204 | Snake:4  | Gained mutation: You are agile. (Dex +4, Str/Int -1)
                  | [potion of mutation]
 37205 | Snake:4  | Lost mutation: Your spells are a little harder to cast, but
                  | a little more powerful. [potion of mutation]
 37205 | Snake:4  | Lost mutation: Potions are less effective at restoring your
                  | health. [potion of mutation]
 37205 | Snake:4  | Lost mutation: You are agile. (Dex +4, Str/Int -1) [potion
                  | of mutation]
 37205 | Snake:4  | Gained mutation: You are frail. (-10% HP) [potion of
                  | mutation]
 37205 | Snake:4  | Gained mutation: You sometimes lose your temper in combat.
                  | [potion of mutation]
 37205 | Snake:4  | Gained mutation: You occasionally shout uncontrollably at
                  | your foes. [potion of mutation]
 37206 | Snake:4  | Lost mutation: You sometimes lose your temper in combat.
                  | [potion of mutation]
 37206 | Snake:4  | Lost mutation: You are frail. (-10% HP) [potion of
                  | mutation]
 37206 | Snake:4  | Gained mutation: You are robust. (+10% HP) [potion of
                  | mutation]
 37206 | Snake:4  | Gained mutation: You possess an exceptional clarity of
                  | mind. [potion of mutation]
 37206 | Snake:4  | Gained mutation: You are partially covered in large bone
                  | plates. (SH +4) [potion of mutation]
 37425 | Shoals:1 | Entered Level 1 of the Shoals
 37487 | Shoals:1 | Noticed Louise
 37501 | Abyss:2  | Cast into level 2 of the Abyss (Louise)
 37741 | Abyss:2  | Noticed a lich
 37747 | Abyss:2  | Killed a lich
 37810 | Abyss:2  | Noticed a tentacled starspawn
 37814 | Abyss:2  | Killed a tentacled starspawn
 37926 | Abyss:2  | Noticed a tentacled starspawn
 37938 | Abyss:2  | Killed a tentacled starspawn
 37939 | Abyss:2  | Reached skill level 5 in Stealth
 38037 | Abyss:2  | Noticed a bone dragon
 38060 | Shoals:1 | Escaped the Abyss
 38335 | Shoals:1 | Killed Louise
 38450 | Lair:3   | Killed a bone dragon
 38730 | Shoals:1 | Noticed Josephine
 38766 | Shoals:1 | Killed Josephine
 38916 | Shoals:1 | Reached skill level 1 in Long Blades
 38921 | Shoals:1 | Reached skill level 2 in Long Blades
 39319 | Shoals:1 | Reached skill level 3 in Long Blades
 39488 | Shoals:1 | Identified Roxanne's Grimoire of Topography
 39488 | Shoals:1 | Noticed Roxanne
 39758 | Shoals:1 | Learned a level 5 spell: Lee's Rapid Deconstruction
 39768 | Shoals:1 | Killed Roxanne
 39823 | Shoals:2 | Noticed Frances
 39837 | Shoals:2 | Reached skill level 4 in Long Blades
 39905 | Shoals:2 | Killed Frances
 40087 | Shoals:2 | Reached skill level 5 in Long Blades
 40087 | Shoals:2 | Reached XP level 17. HP: 147/147 MP: 14/37
 40296 | D:8      | Bought the +11 Singing Sword {sonic wave} for 1200 gold
                  | pieces
 40296 | D:8      | Found the +11 Singing Sword {sonic wave}
 40628 | Shoals:2 | Reached skill level 6 in Long Blades
 40779 | Shoals:2 | Noticed Ilsuiw
 40808 | Shoals:2 | Noticed Polyphemus
 40815 | Shoals:2 | Killed Ilsuiw
 40818 | Shoals:2 | Reached skill level 7 in Long Blades
 40824 | Shoals:2 | Killed Polyphemus
 41440 | Shoals:2 | Reached skill level 8 in Long Blades
 41690 | Shoals:3 | Found Bitweh's Jewellery Shop.
 41696 | Shoals:3 | Found Iluuthut's Jewellery Emporium.
 41796 | Shoals:3 | Bought the ring "Zionefofa" {rF+ Str+6 SInv} for 921 gold
                  | pieces
 41831 | Shoals:3 | Found a transporter.
 41876 | Shoals:3 | Noticed superradish's ghost (journeyman DsBr)
 41891 | Shoals:3 | Found a transporter.
 41917 | Shoals:3 | Reached skill level 9 in Long Blades
 42101 | Shoals:3 | Noticed Mara
 42104 | Shoals:3 | Noticed Jorgrun
 42105 | Shoals:3 | Noticed spardeous's illusion
 42327 | Shoals:3 | Killed Jorgrun
 42553 | Shoals:2 | Learned a level 2 spell: Sublimation of Blood
 42556 | Shoals:3 | Noticed spardeous's illusion
 42579 | Shoals:3 | Killed Mara
 42642 | Shoals:3 | Found a runed translucent gate.
 42642 | Shoals:3 | Found a runed translucent gate.
 42642 | Shoals:3 | Found a runed translucent gate.
 42937 | Shoals:3 | Reached skill level 10 in Long Blades
 43213 | Shoals:3 | Killed superradish's ghost
 43225 | Shoals:3 | Reached skill level 11 in Long Blades
 43226 | Shoals:3 | Identified the amulet of Jayll {Spirit Fly Will+++ Str-3
                  | Slay-4}
 43227 | Shoals:3 | Identified the +2 pair of gloves of the Engineer {-Cast
                  | rElec rPois}
 43419 | Shoals:4 | Entered Level 4 of the Shoals
 43945 | Shoals:4 | Learned a level 4 spell: Fulminant Prism
 43988 | Shoals:4 | Reached skill level 12 in Long Blades
 45084 | Shoals:4 | Reached XP level 18. HP: 72/155 MP: 12/38
 45445 | Shoals:4 | Reached skill level 13 in Long Blades
 45675 | Shoals:4 | Got a barnacled rune of Zot
 45877 | Shoals:4 | Identified the +7 falchion "Hellblazer" {heavy, rF+ Will+}
 46348 | D:4      | Bought a potion of heal wounds for 60 gold pieces
 46348 | D:4      | Bought a potion of heal wounds for 60 gold pieces
 46348 | D:4      | Bought 2 potions of curing for 72 gold pieces
 46556 | Elf:1    | Entered Level 1 of the Elven Halls
 46601 | Elf:1    | Identified the +1 plate armour of Cacar {Dex+3}
 46700 | Elf:1    | Found a magical portal.
 46705 | WizLab   | Entered The Roulette of Golubria
 46705 | WizLab   | Found a transporter.
 46762 | WizLab   | Found a transporter.
 46835 | WizLab   | Found a transporter.
 46904 | WizLab   | Found a transporter.
 46904 | WizLab   | Found a transporter.
 47276 | WizLab   | Found a transporter.
 47403 | WizLab   | Found a transporter.
 47469 | WizLab   | Found a transporter.
 47469 | WizLab   | Found a transporter.
 47479 | WizLab   | Reached skill level 14 in Long Blades
 47523 | WizLab   | Found a transporter.
 47556 | WizLab   | Found a transporter.
 47556 | WizLab   | Found a transporter.
 47588 | WizLab   | Found a transporter.
 47588 | WizLab   | Found a transporter.
 47654 | WizLab   | Found a transporter.
 47654 | WizLab   | Found a transporter.
 47741 | WizLab   | Found a transporter.
 47752 | WizLab   | Found a transporter.
 47752 | WizLab   | Found a transporter.
 48035 | WizLab   | Identified the +2 cloak of the Furrier {Contam rElec rCorr
                  | Slay+2}
 48050 | WizLab   | Identified the +1 cloak of Rengotz {Drain rPois rF- rC+++}
 48075 | WizLab   | Got Sif Muna's Textbook on the Compass
 48080 | WizLab   | Got the Cyclopedia of the Voyage
 48469 | WizLab   | Found a transporter.
 48736 | Elf:1    | Paralysed by an air elemental for 1 turns
 48740 | Elf:1    | Paralysed by an air elemental for 1 turns
 48885 | Elf:1    | Identified the +1 robe "Ynemopni" {rF+ rC+ Str-3 Slay+3}
 48893 | Elf:1    | Reached skill level 15 in Long Blades
 49023 | Elf:1    | Learned a level 4 spell: Manifold Assault
 49573 | Elf:1    | Learned a level 2 spell: Wereblood
 49646 | Elf:2    | HP: 7/201 [deep elf archer/arrow (26)]
 50083 | Elf:2    | Reached skill level 16 in Long Blades
 50830 | Elf:2    | Found a runed translucent gate.
 50830 | Elf:2    | Found a runed translucent gate.
 50830 | Elf:2    | Found a runed translucent gate.
 51315 | Elf:2    | Reached XP level 19. HP: 134/161 MP: 34/39
 52434 | Vaults:1 | Entered Level 1 of the Vaults
 52497 | Vaults:1 | Reached skill level 15 in Shields
 52556 | Vaults:1 | Reached skill level 5 in Armour
 54085 | Vaults:2 | Reached skill level 10 in Armour
 54260 | Vaults:2 | Identified the +1 robe "Dourriwi" {*Corrode rElec rN++
                  | Int+2}
 54567 | Vaults:2 | Identified a scroll of acquirement
 54571 | Vaults:2 | Acquired the +1 tower shield "Orche" {rPois rF+ Will+
                  | Dex+6}
 54693 | Vaults:2 | Identified the +7 flail of Vojy {drain, +Blink}
 55434 | Vaults:3 | Reached XP level 20. HP: 124/170 MP: 25/40
 55596 | Vaults:3 | Found a staircase to the Crypt.
 56636 | Vaults:3 | You fall into a shaft and drop 1 floor!
 57038 | Vaults:4 | Noticed Xtahua
 57056 | Vaults:4 | Killed Xtahua
 57057 | Vaults:4 | Reached skill level 10 in Fighting
 59795 | Elf:3    | Entered Level 3 of the Elven Halls
 59797 | Elf:3    | Paralysed by an air elemental for 1 turns
 60442 | Elf:3    | Found Ruiniawk's Distillery.
 60899 | D:5      | Bought the +8 demon blade "Leech" {evervamp, Harm Drain
                  | rN+} for 996 gold pieces
 60899 | D:5      | Found the +8 demon blade "Leech" {evervamp, Harm Drain rN+}
 61198 | Elf:3    | Paralysed by an air elemental for 1 turns
 62964 | Elf:3    | Reached XP level 21. HP: 189/191 MP: 28/42
 63120 | Elf:3    | Identified the +3 robe of Makhleb's Displeasure {rF+ rCorr
                  | Dex-4}
 63120 | Elf:3    | Identified the ring "Uvvum" {rElec rC+ Str+4 Dex-2}
 63738 | Elf:3    | Identified the +5 quarterstaff "Vusumy" {flame, rF+}
 63850 | Elf:3    | Identified the +10 spear of the Tiger {protect, Dex+3}
 64169 | Elf:3    | Got the Parchment of Combustion
 64182 | Elf:3    | Identified the staff of death "Nibriwk" {rF- rN+ Int+4}
 64190 | Elf:3    | Identified the staff of earth "Ilerefon" {Will+ Str+2
                  | Int+2}
 64217 | Elf:3    | Identified the ring of Benevolence {Will+ Dex+3}
 64218 | Elf:3    | Identified the +8 flail of Resourcefulness {drain, *Rage
                  | rCorr Dex+7}
 64219 | Elf:3    | Identified the +7 morningstar of Doom {flame, rElec MP+9
                  | Str+5}
 64226 | Elf:3    | Got Gesytavy's Atlas of the Allied Caves
 64231 | Elf:3    | Identified the amulet of Xokkutie {Spirit rElec Int+3}
 64879 | D:5      | Bought the +2 long sword of the End of Times {heavy, rN+
                  | MP+9 Dex+3 SInv} for 625 gold pieces
 65273 | Vaults:4 | Learned a level 6 spell: Iron Shot
 65274 | Vaults:5 | Entered Level 5 of the Vaults
 65281 | Vaults:5 | Noticed a golden dragon
 65284 | Vaults:5 | Noticed a golden dragon
 65309 | Vaults:4 | Killed a golden dragon
 65467 | Vaults:5 | Noticed a dread lich
 65470 | Vaults:5 | Identified the +6 flail "Killer Klown's Curse" {antimagic,
                  | Will+ Dex-5 SInv}
 65901 | Vaults:5 | Paralysed by a floating eye for 4 turns
 65976 | Vaults:5 | HP: 3/240 [yaktaur captain (11)]
 65976 | Vaults:5 | HP: 1/240 [frost giant/+1 battleaxe of freezing (2)]
 65978 | Vaults:4 | Slain by a frost giant

Illustrated notes

Levels and vault maps discovered:
D:1:      dpeg_arrival_orchard, layout_basic, chequers_ecumenical_altar_island
D:2:      layout_loops_corners, serial_shops, nicolae_shop_tiny_waterfront
D:3:      minmay_roachtagon, layout_loops_ring, dreamdust_princess_corridor
D:4:      layout_basic, serial_shops, nicolae_shop_back_alley_shop, shop,
          grunt_ministairs_9
D:5:      layout_basic, minmay_temple_entry_antechambers,
          nicolae_wooded_promenade
D:6:      layout_cave_pods, mainiacjoe_overflow_catwalk,
          mainiacjoe_overflow_concentric_impassable, gammafunk_ghost_grave
D:7:      layout_rooms, okawaru_ov_weapons_minmay,
          mainiacjoe_overflow_surrounded_room, grunt_temple_overflow_diamond,
          serial_shops, kennysheep_mini
D:8:      minmay_s_stair_smasher, layout_loops_ring, lemuel_doored_altar,
          mainiacjoe_overflow_alcove_2, lemuel_round_altar, serial_shops,
          nicolae_shop_waterfront
D:9:      layout_long_grid, nicolae_overflow_crystal_walls
D:10:     layout_basic, lemuel_round_altar, nicolae_hepliaklqana_hazy_memory,
          old_standard_altar, kennysheep_little_box,
          hangedman_abyss_or_decor_stagger, minmay_misc_feat_rugged
D:11:     layout_basic, orc_0_dummy, serial_shops, shop,
          nicolae_shop_statue_plus, nicolae_shop_rolling_square, uniq_lodul,
          uniq_snorg
D:12:     layout_irregular_city, gammafunk_ghost_necromancy
D:13:     layout_roguey, serial_demonic, serial_demonic_b, serial_demonic_f,
          serial_demonic_c, serial_demonic_g, serial_demonic_b
D:14:     layout_roguey [special_room_orc], david_vaults_4, minivault_23
D:15:     grunt_enter_depths_magical_seal, layout_basic
Lair:1:   layout_regular_city, gammafunk_ghost_arena, grunt_megastairs_4,
          infiniplex_staircase_pool_2, lemuel_fruit_tree
Lair:2:   layout_hall_layers, beast_lair_carwin_10
Lair:3:   layout_chaotic_city, minmay_shoals_entry_hut,
          minmay_snake_entry_guardpost_medium
Lair:4:   layout_roguey
Lair:5:   gammafunk_lair_ancient_temple, layout_cave_pods, slime_entry_1,
          grunt_forest_stairs_basic
Shoals:1: layout_shoals, nicolae_shoals_secluded_bog, uniq_josephine,
          uniq_roxanne, uniq_louise
Shoals:2: layout_shoals, uniq_frances, uniq_ilsuiw, uniq_polyphemus
Shoals:3: layout_shoals, gammafunk_ghost_berserking_beasts, serial_shops, shop,
          nicolae_stop_n_shop_2, nicolae_shoals_beach_cooler, uniq_jorgrun,
          uniq_mara
Shoals:4: shoals_end_grunt_ice, layout_shoals, serial_shops,
          nicolae_shoals_aquamancer_cove
Snake:1:  cheibrodos_toxic_ritual, layout_onion, serial_bayou_pond_b
Snake:2:  layout_chambers
Snake:3:  layout_onion_interference, nicolae_snake_guarding_the_ruins,
          uniq_kirke
Snake:4:  johnstein_snake_rune_scales, layout_onion
Orc:1:    layout_caves
Orc:2:    st_orc_town, layout_caves, basic_altar, gauntlet_entry_generic
Elf:1:    eino_elf_arrival_shootout, layout_loops_cross, mu_enter_wizlab_2,
          hangedman_elven_crosses_minicolossus
Elf:2:    nicolae_elf_blades_crystal_corner, layout_geoelf_grid, special_room
          [special_room_mythical_zoo]
Elf:3:    minmay_elf_hall, layout_gridlike, serial_shops, shop,
          grunt_megastairs_5
Vaults:1: nicolae_vaults_doubleplus_tesselated, nicolae_vaults_double_plus_1,
          nicolae_vaults_tangram_2, hangedman_vaults_corner_blocks,
          nicolae_vaults_weapon_check, nicolae_vaults_ring_of_whatevers,
          v_pattern_4, v_misc_19, v_alt_pattern_2, vaults_room_large_hall,
          hangedman_vaults_trim, grunt_vaults_twisty, layout_vaults_big_cross
Vaults:2: v_misc_5, nicolae_vaults_storage_closets_3, nicolae_vaults_wrenched,
          nicolae_vaults_tangram_1, v_alt_pattern_3, ontoclasm_vaults_chip,
          nicolae_vaults_trapezoid_lopsided_4, v_misc_18, v_rooms_1,
          nicolae_vaults_house_1, nicolae_vaults_security_offices_2,
          layout_vaults_maze_snakey
Vaults:3: minmay_crypt_entry_necro_gods, nicolae_vaults_storage_room_doors,
          v_misc_12, hangedman_vaults_slice, hangedman_vaults_maws,
          nicolae_vaults_surprise_closet, vaults_room_door_ring,
          grunt_vaults_funnel, nicolae_vaults_murder_corner,
          vaults_room_fancy_cross, vaults_dpeg_hooks,
          vaults_mumra_minichess_inversion, layout_vaults_big_room
Vaults:4: grunt_vaults_focal, ontoclasm_vaults_hangar,
          nicolae_vaults_tetromino_T_2, nicolae_vaults_tetromino_T_2,
          vaults_room_fours, nicolae_vaults_security_offices_6,
          hangedman_vaults_river_flow, nicolae_vaults_mitosis,
          vaults_mumra_minichess, hangedman_vaults_stitches,
          nicolae_vaults_twisting_passages, nicolae_vaults_little_squares_5,
          v_misc_25, layout_vaults_omnibox, uniq_xtahua
Vaults:5

Skill      XL: |  1  2  3  4  5  6  7  8  9 10 11 12 13 14 15 16 17 18 19 20 21 |
---------------+----------------------------------------------------------------+-----
Spellcasting   | 2 3 4 6 7 8 10 11 | 11.8
Conjurations   | 4 5 6 7 8 9 10 | 10.0
Translocations | 1 4 7 10 11 | 11.7
Throwing       | 1 |  1.0
Transmutations | 4 8 10 | 10.4
Earth Magic    | 6 9 10 | 10.3
Fighting       | 3 5 8 12 | 12.2
Necromancy     | 3 7 8 9 |  9.3
Armour         | 3 11 13 | 13.0
Shields        | 1 11 13 14 15 | 15.9
Stealth        | 7 |  7.0
Long Blades    | 5 12 16 | 16.2
Dodging        | |  1.7

Action                     |  1- 3 |  4- 6 |  7- 9 | 10-12 | 13-15 | 16-18 | 19-21 || total
---------------------------+-------+-------+-------+-------+-------+-------+-------++-------
  Melee: Unarmed           |     4 |       |       |       |       |       |       ||     4
         Dagger            |    31 |       |     6 |    20 |    28 |       |       ||    85
         Punch             |     1 |       |       |       |     2 |       |       ||     3
         Demon blade       |       |       |       |       |    93 |   107 |       ||   200
         Short sword       |       |       |       |       |    11 |       |       ||    11
         Double sword      |       |       |       |       |       |   423 |   545 ||   968
   Cast: Magic Dart        |    97 |    78 |   153 |    44 |    19 |       |       ||   391
         Searing Ray       |     1 |     9 |    65 |     3 |     4 |     3 |       ||    85
         Iskenderun's Myst |       |       |    16 |   311 |   757 |   682 |   646 ||  2412
         Statue Form       |       |       |       |       |    77 |    91 |     6 ||   174
         Leda's Liquefacti |       |       |       |       |     3 |    17 |    15 ||    35
         Lee's Rapid Decon |       |       |       |       |       |     5 |       ||     5
         Fulminant Prism   |       |       |       |       |       |    20 |       ||    20
         Wereblood         |       |       |       |       |       |     1 |       ||     1
Ability: End Transformatio |       |       |       |       |       |     4 |     1 ||     5
  Evoke: Wand              |       |       |       |       |       |     6 |       ||     6
    Use: Scroll            |       |       |    12 |     2 |    10 |    18 |    14 ||    56
         Potion            |       |       |     5 |     1 |     1 |    25 |     9 ||    41
   Stab: Distracted        |       |       |       |       |       |     1 |     2 ||     3
         Sleeping          |       |       |       |       |       |     6 |     4 ||    10
 Armour: Robe              |    15 |       |       |       |       |       |       ||    15
         Leather armour    |       |     9 |    53 |     8 |       |       |       ||    70
         Troll leather arm |       |       |       |    42 |       |       |       ||    42
         Chain mail        |       |       |       |    17 |   104 |       |       ||   121
         Skin              |       |       |       |       |   480 |   414 |    17 ||   911
         Ring mail         |       |       |       |       |    37 |    95 |   168 ||   300
  Dodge: Dodged            |    37 |    15 |    83 |    47 |   478 |   305 |   146 ||  1111
  Block: Tower shield      |       |       |       |       |    33 |  1723 |   893 ||  2649
         Kite shield       |       |       |       |       |       |   122 |       ||   122
